 Dungeon Crawl Stone Soup version 0.28-a0-8-g6e044cfa68 (webtiles) character file.

Game seed: 257097527863091550

116 Brandom the Chucker (level 5, -2/32 HPs)
             Began as a Kobold Hunter on July 24, 2021.
             Killed from afar by an orc wizard (6 damage)
             ... with a magic dart
             ... on level 3 of the Dungeon.
             The game lasted 00:08:33 (2881 turns).

Brandom the Chucker (Kobold Hunter)                 Turns: 2881, Time: 00:08:34

Health: -2/32      AC:  4    Str: 11    XL:     5   Next: 20%
Magic:  14/14      EV: 15    Int: 12    God:
Gold:   163        SH:  0    Dex: 15    Spells: 4/4 levels left

rFire   . . .      SeeInvis .   i - +2 short sword (venom)
rCold   . . .      Faith    .   (shield restricted)
rNeg    . . .      Spirit   .   b - +0 leather armour
rPois   +          Reflect  .   (no helmet)
rElec   .          Harm     .   n - +0 cloak
rCorr   .          Rampage  .   (no gloves)
Will    .....                   (no boots)
Stlth   ++........              (no amulet)
HPRegen 0.10/turn               l - ring of poison resistance
MPRegen 0.14/turn               o - ring of magical power

@: confused
A: small, no large weapons, nightstalker 3
a: no special abilities


You were on level 3 of the Dungeon.
You visited 1 branch of the dungeon, and saw 3 of its levels.

You collected 163 gold pieces.

Inventory:

Hand Weapons
 a - a +0 short sword
 i - a +2 short sword of venom (weapon)
   (You took it off a kobold on level 1 of the Dungeon)
Missiles
 c - 14 boomerangs (quivered)
 d - 2 throwing nets {!f}
Armour
 b - a +0 leather armour (worn)
 n - a +0 cloak (worn)
   (You found it on level 2 of the Dungeon)
Jewellery
 l - a ring of poison resistance (left hand)
   (You found it on level 2 of the Dungeon)
 o - a ring of magical power (right hand)
   (You found it on level 3 of the Dungeon)
Scrolls
 e - a scroll of blinking {unknown}
 f - a scroll of brand weapon {unknown}
 h - 2 scrolls of enchant armour {unknown}
 m - a scroll of enchant weapon {unknown}
 p - a scroll of identify {unknown}
 q - 2 scrolls of teleportation {unknown}
 r - a scroll of noise {unknown}
Potions
 g - a potion of degeneration {unknown}
 j - 2 potions of magic {unknown}
 k - a potion of lignification {unknown}


   Skills:
 + Level 3.2 Fighting
 + Level 5.0 Throwing
 + Level 1.6 Armour
 + Level 3.6 Dodging
 - Level 1.3 Stealth


You had 4 spell levels left.
You didn't know any spells.
Your spell library contained the following spells:

 Spells                   Type           Power      Damage    Failure   Level
 Summon Small Mammal      Summ           0%         N/A       41%         1
 Call Canine Familiar     Summ           0%         N/A       78%         3
 Ozocubu's Armour         Ice            0%         N/A       78%         3
 Summon Guardian Golem    Hex/Summ       0%         N/A       78%         3
 Blade Hands              Tmut           0%         N/A       100%        5
 Irradiate                Conj/Tmut      0%         3d13      100%        5
 Dragon Form              Tmut           0%         N/A       100%        7
 Ozocubu's Refrigeration  Ice            0%         4d5       100%        7


Dungeon Overview and Level Annotations

Branches:
Dungeon (3/15)

Altars:
Elyvilon

Shops:
D:2 [


Innate Abilities, Weirdness & Mutations

You are small and have problems with some larger weapons.
You are completely attuned to the shadows.


Message History

An orc comes into view. It is wielding a +0 vorpal mace.
The orc shouts!
You hit the endoplasm.
The endoplasm is poisoned.
You hear a shout!
The endoplasm freezes you.
You are frozen.
You hit the endoplasm.
You kill the endoplasm!
The adder bites you.
You hit the adder.
The adder is poisoned.
The adder bites you but does no damage. The adder barely misses you.
You hit the adder.
The adder looks as sick as possible!
The adder bites you. The orc hits you with a +0 vorpal mace.
You miss the adder. The adder misses you.
An orc wizard comes into view. It is wielding a +0 dagger.
The orc hits you but does no damage. The adder bites you.
You kill the adder!
An orc wizard comes into view. It is wielding a +0 dagger.
The orc hits you but does no damage. The orc wizard casts a spell at you.
You are confused.
You bump into the rock wall.
The orc hits you with a +0 vorpal mace.
You bump into the rock wall.
The orc misses you.
Found 9 gold pieces.
The orc wizard gestures at you while chanting.
You are more confused.
The orc wizard shouts!
You bump into the rock wall.
The orc hits you with a +0 vorpal mace.
* * * LOW HITPOINT WARNING * * *
* * * LOW HITPOINT WARNING * * *
Unknown command.
The orc wizard points at you and mumbles some strange words.
The puff of flame hits you.
* * * LOW HITPOINT WARNING * * *
You puncture the orc!
You kill the orc!
Unknown command.
You bump into the rock wall.
The orc wizard points at you and mumbles some strange words.
The magic dart hits you.
* * * LOW HITPOINT WARNING * * *
You miss the orc wizard.
The orc wizard hits you but does no damage. x2
An orc wizard comes into view. It is wielding a +0 dagger.
You bump into the rock wall.
The orc wizard hits you with a +0 dagger.
* * * LOW HITPOINT WARNING * * *
The orc wizard casts a spell at you. The magic dart hits you.
You die...

##.##..# #......#
###......##
..........#
........o.##
..####.####..# ....
#.##.....##..# .....
#.#.......#oo#.#
.....
#.#.......#@...#
#.....
#....._.....#$.#
......
.####.#.......#.#..#
###..##.
......#.......#.# .#
#.......
..###.##..... #.. .
....#.. #.####.#
..##.##.. #.......
......... #...##..
..##.#..#
###.###....
.....#..#


You could see 3 orc wizards.

Vanquished Creatures
  Jessica (D:2)
  2 adders
  A dart slug (D:2)
  2 orcs (D:3)
  5 ball pythons
  2 bats
  9 endoplasms
  3 giant cockroaches (D:1)
  7 hobgoblins
  8 jackals
  4 quokkas
  5 frilled lizards (D:2)
  5 goblins
  A kobold (D:1)
  3 rats
58 creatures vanquished.

Vanquished Creatures (others)
  A frilled lizard (D:3)
1 creature vanquished.

Grand Total: 59 creatures vanquished

Notes
Turn   | Place    | Note
-------+----------+-------------------------------------------
     0 | D:1      | Brandom the Kobold Hunter began the quest for the Orb.
     0 | D:1      | Reached XP level 1. HP: 12/12 MP: 1/1
   222 | D:1      | Reached XP level 2. HP: 18/18 MP: 2/2
   653 | D:1      | Reached XP level 3. HP: 22/22 MP: 3/3
  1353 | D:2      | Reached skill level 1 in Armour
  1610 | D:2      | Found Zaxung's Armour Emporium.
  1697 | D:2      | Reached XP level 4. HP: 20/27 MP: 4/4
  1844 | D:2      | Found a faded altar of an unknown god.
  1872 | D:2      | Noticed Jessica
  1874 | D:2      | Killed Jessica
  2722 | D:3      | Reached skill level 5 in Throwing
  2729 | D:3      | Reached XP level 5. HP: 31/32 MP: 5/5
  2845 | D:3      | Found a white marble altar of Elyvilon.
  2881 | D:3      | Killed from afar by an orc wizard

Illustrated notes

Levels and vault maps discovered:
D:1:      lightli_molten_gateway, layout_basic, minivault_25
D:2:      layout_loops_corners, dreamdust_ecumenical_altar_angels_and_demons,
          serial_shops, shop, minmay_pentomino_z2, uniq_jessica
D:3:      layout_basic, old_standard_altar, ebering_ghost_disaster_area,
          minmay_misc_feat_alley, minivault_11, lemuel_old_faithful

Skill      XL: |  1  2  3  4 |
---------------+-------------+-----
Dodging        | 3 |  3.6
Armour         | 1 |  1.6
Fighting       | 3 |  3.2
Throwing       | 5 |  5.0
Stealth        | |  1.3

Action                   |  1- 3 |  4- 6 || total
-------------------------+-------+-------++-------
Melee: Short sword       |    66 |    63 ||   129
Throw: Boomerang         |    20 |     2 ||    22
 Stab: Sleeping          |     5 |     8 ||    13
       Distracted        |       |     1 ||     1
Armor: Leather armour    |    12 |    17 ||    29
Dodge: Dodged            |    46 |    51 ||    97

Table legend: (Time is in decaauts)
 A = Elapsed time spent in this place.
 B = Non-inter-level travel time spent in this place.
 C = Inter-level travel time spent in this place.
 D = Time resting spent in this place.
 E = Time spent auto-exploring this place.
 F = Levels seen in this place.
 G = Mean time per level.
                   A        B        C        D        E       F      G
               +--------+--------+--------+--------+--------+-----+--------+
         Total |   2893 |   2854 |     39 |    150 |   2334 |   3 |  964.3 |
       Dungeon |   2893 |   2854 |     39 |    150 |   2334 |   3 |  964.3 |
               +--------+--------+--------+--------+--------+-----+--------+

Top non-repeatable levels by time:
     D:2: 1329 daAuts
     D:1: 1117 daAuts
     D:3: 445 daAuts
